Map: Acid Plant LE

Players

Zanster

  • Race: Zerg Zerg
  • Spawn Location: 5:00

SKillous (Elroye) - Winner!

  • Race: Zerg Zerg
  • Spawn Location: 11:00

Event: WCS Valencia 2018

VOD

Have the link to the VOD?

Description

Time

  • Played on: July 12, 2018, 9:39 a.m.
  • Length: 7:05

All games in this series

Show
View Real Time Build Order
Export as new Build Order

Zanster Zerg 

Build Orders: Hatch First 

Get SALT Encoding   

  12  0:00  Drone  
  13  0:13  Overlord  
  13  0:17  Drone  
  14  0:31  Drone  
  14  0:32  Drone  
  14  0:35  Drone  
  17  0:52  Hatchery  
  17  0:55  Drone  
  17  0:57  Drone  
  18  1:08  Extractor  
  17  1:12  Spawning Pool  
  17  1:15  Drone  
  17  1:18  Drone  
  18  1:28  Drone  
  19  1:40  Drone  
  20  1:50  Overlord  
  20  2:00  Queen  
  22  2:04  Queen  
  25  2:08  Drone x2  
  25  2:09  Metabolic Boost  
  25  2:11  Drone  
  28  2:15  Drone  
  28  2:23  Drone  
  30  2:30  Drone  
  30  2:34  Hatchery  
  29  2:40  Queen  
  29  2:44  Zergling x4  
  32  2:46  Zergling x2  
  32  2:51  Overlord  
  34  2:54  Drone  
  35  2:58  Drone  
  35  3:04  Overlord  
  36  3:13  Zergling x14  
  43  3:22  Queen, Zergling x2  
  45  3:36  Baneling Nest  
  45  3:39  Drone x3  
  47  3:44  Overlord  
  47  3:45  Zergling x2  
  47  3:46  Zergling x4  
  50  3:49  Drone x3  
  50  3:52  Drone  
  54  3:56  Drone x2  
  56  4:05  Evolution Chamber  
  49  4:14  Zergling x10  
  54  4:21  Zergling x14  
  58  4:25  Overlord  
  58  4:26  Zergling x2  
  53  4:32  Zerg Missile Weapons Level 1  
  49  4:39  Baneling  
  49  4:41  Queen  
  49  4:42  Queen  
  49  4:43  Drone  
  49  4:44  Drone  
  54  4:48  Drone  
  54  4:49  Drone x2  
  54  4:50  Drone  
  58  4:54  Drone  
  58  4:55  Drone x2  
  61  5:00  Extractor  
  61  5:01  Overlord  
  58  5:08  Drone x4  
  61  5:15  Extractor  
  61  5:16  Drone  
  61  5:17  Roach Warren, Drone x3  
  61  5:19  Drone  
  63  5:24  Lair  
  63  5:28  Overlord  
  62  5:30  Drone  
  62  5:31  Drone  
  62  5:33  Extractor  
  63  5:36  Overlord  
  63  5:38  Baneling x3  
  63  5:40  Baneling  
  63  5:44  Drone  
  63  5:47  Overlord  
  63  5:48  Queen  
  66  5:51  Drone x5  
  71  5:58  Drone x6  
  71  6:02  Overlord  
  77  6:10  Overlord  
  76  6:12  Baneling  
  76  6:14  Drone x4  
  76  6:15  Overlord  
  80  6:19  Overlord  
  80  6:23  Roach x2  
  80  6:24  Extractor  
  82  6:31  Roach  
  82  6:32  Roach x3  
  90  6:35  Roach x3  
  90  6:37  Overlord  
  90  6:39  Spine Crawler x2  
  94  6:42  Baneling  
  94  6:43  Baneling x4  
  94  6:44  Roach  
  95  6:47  Overlord  
Show
View Real Time Build Order
Export as new Build Order

SKillous Zerg - Winner!

Build Orders: Hatch First 

Get SALT Encoding   

  12  0:00  Drone  
  13  0:12  Overlord  
  13  0:17  Drone  
  14  0:30  Drone x2  
  16  0:35  Drone  
  17  0:51  Hatchery  
  17  0:55  Drone  
  17  1:00  Drone  
  17  1:03  Extractor  
  17  1:15  Spawning Pool  
  17  1:17  Drone  
  17  1:21  Drone  
  18  1:28  Drone  
  19  1:38  Overlord  
  19  1:49  Drone  
  20  2:00  Drone  
  21  2:02  Queen  
  21  2:04  Queen  
  21  2:05  Metabolic Boost  
  21  2:07  Drone  
  26  2:10  Drone  
  26  2:14  Drone  
  28  2:23  Drone  
  29  2:34  Hatchery  
  29  2:36  Drone  
  29  2:39  Drone  
  31  2:44  Drone  
  31  2:52  Baneling Nest  
  31  2:54  Overlord  
  31  2:55  Zergling x2  
  31  2:56  Zergling x2  
  32  2:59  Drone  
  33  3:12  Zergling x6  
  36  3:14  Zergling x6  
  36  3:17  Zergling x2  
  36  3:19  Overlord  
  40  3:33  Drone x2  
  42  3:35  Drone x2  
  42  3:37  Baneling x2  
  44  3:41  Zergling x2  
  44  3:42  Zergling x4  
  44  3:46  Baneling x2  
  47  3:50  Queen  
  49  3:56  Queen  
  49  4:00  Drone  
  49  4:01  Drone  
  51  4:22  Drone x3  
  51  4:23  Drone x3  
  53  4:26  Drone  
  53  4:27  Zergling x2, Drone x2  
  53  4:28  Zergling x4  
  57  4:37  Zergling x2  
  57  4:38  Zergling x10  
  58  4:43  Zergling x2  
  58  4:44  Extractor  
  57  4:47  Roach Warren  
  57  4:49  Extractor  
  57  4:50  Baneling x2  
  55  4:57  Zergling x6  
  58  5:06  Zergling x2  
  57  5:18  Zergling x2  
  57  5:20  Overlord x2  
  57  5:33  Overlord x5  
  56  5:48  Roach x5  
  56  5:49  Roach x3  
  72  5:53  Roach x5  
  82  6:01  Roach x3  
  88  6:09  Roach x3  
  93  6:28  Zergling x20  
  93  6:29  Baneling x2  
  103  6:37  Zergling x6  
  103  6:38  Baneling x5  
  103  6:39  Baneling x6  
  106  6:40  Baneling x2  
  106  6:41  Baneling  
  106  6:42  Zergling x2  
Tags
 
Add a new tag
Caveats
  • Supply blocks, unpowered buildings, or Contaminate may cause inaccurate times.
  • Supply counts are checked every 10 seconds.